 Dungeon Sprint DCSS version 0.19.1 (webtiles) character file.

438 dvd the Protected (level 6, -3/96 HPs)
             Began as a Minotaur Fighter on Dec 12, 2016.
             Was an Initiate of Uskayaw.
             Succumbed to Sonja's poison
             ... in the Dungeon (Sprint I: "Red Sonja").
             The game lasted 00:02:37 (310 turns).

dvd the Protected (Minotaur Fighter)                 Turns: 310, Time: 00:02:38

Health: -3/96      AC:  8    Str: 26    XL:     6   Next: 69%
Magic:  5/5        EV: 10    Int:  5    God:    Uskayaw [......]
Gold:   297        SH: 12    Dex: 11    Spells: 0 memorised, 5 levels left

rFire  . . .     SeeInvis .     a - +0 war axe
rCold  . . .     Gourm    .     b - +0 scale mail
rNeg   . . .     Faith    .     c - +0 shield
rPois  .         Spirit   .     (helmet restricted)
rElec  .         Reflect  .     (no cloak)
rCorr  .         Harm     .     (no gloves)
MR     .....     NoTele   +     (no boots)
Stlth  ..........               (no amulet)
                                (no ring)
                                (no ring)

@: berserking (expiring), lethally poisoned (-3 -> -76), slowed
A: retaliatory headbutt, horns 2
a: Renounce Religion


You were in the Dungeon.
You worshipped Uskayaw.
Uskayaw was noncommittal.
You were not hungry.

You visited 1 branch You collected 297 gold pieces.

Inventory:

Hand Weapons
 a - a +0 war axe (weapon)
Armour
 b - a +0 scale mail (worn)
 c - a +0 shield (worn)
Scrolls
 k - a scroll of blinking
Potions
 d - a potion of might
 h - a potion of haste
 i - 2 potions of magic
Comestibles
 f - a bread ration
 l - 3 chunks of flesh


   Skills:
 + Level 9.5 Fighting
 + Level 7.5 Axes
 + Level 9.7 Armour
 + Level 2.1 Dodging
 + Level 9.7 Shields


You had 5 spell levels left.
You didn't know any spells.

Dungeon Overview and Level Annotations

Branches:
Dungeon (1/1)

Altars:
Cheibriados
Dithmenos
Elyvilon
Fedhas
Gozag
Hepliaklqana
Kikubaaqudgha
Nemelex Xobeh
Okawaru
Qazlal
Ru
Sif Muna
Trog
Uskayaw
Vehumet
Yredelemnul
Zin
The Shining One

Shops:
D (

Annotations:
D Sonja


Innate Abilities, Weirdness & Mutations

You reflexively headbutt those who attack you in melee.
You have a pair of horns on your head.


Message History

You are more poisoned.
You have difficulty breathing.
* * * LOW HITPOINT WARNING * * *
You feel as though you will be slow longer.
There is an open door, spattered with blood here.
You see here a curare-tipped needle.
You feel a strong urge to attack something.
* * * LOW HITPOINT WARNING * * *
You feel very sick.
Unknown command.
You closely miss Sonja. Your headbutt misses Sonja.
* * * LOW HITPOINT WARNING * * *
You feel extremely sick.
Sonja unwields an uncursed blowgun.
Sonja wields an uncursed short sword of venom.
It begins to drip with poison!
Sonja misses you. You block Sonja's attack. Sonja hits you but does no damage.
You are more poisoned.
You miss Sonja. Your headbutt misses Sonja.
You die...

################
#<.#..').#..'..#
#..'..#..').#..+
#..#####'#####'#
#..####..#...#(#
#..#__####..##[#
#..#_____##(#..+
#⌠⌠#_.∩.K@(.(._#
####_..__##_(#+#
#_____###'#
####### #.#
+$.$+ #$.$#
##.## #+#


You could see Sonja.

Vanquished Creatures
  Sigmund (D)
  A yak (D)
  An ogre (D)
  A jelly (D)
  Ijyb (D)
5 creatures vanquished.

Notes
Turn   | Place    | Note
-------+----------+-------------------------------------------
     0 | D        | dvd the Minotaur Fighter began the quest for the Orb.
     0 | D        | Reached XP level 1. HP: 19/19 MP: 0/0
     1 | D        | Noticed Ijyb
     9 | D        | Killed Ijyb
     9 | D        | Reached skill level 5 in Fighting
     9 | D        | Reached skill level 5 in Armour
     9 | D        | Reached skill level 5 in Shields
     9 | D        | Reached XP level 2. HP: 29/29 MP: 1/1
    14 | D        | Noticed an ogre
    18 | D        | Killed an ogre
    18 | D        | Reached XP level 3. HP: 14/38 MP: 2/2
    18 | D        | Reached XP level 4. HP: 17/45 MP: 3/3
   214 | D        | Noticed Sigmund
   227 | D        | Killed Sigmund
   227 | D        | Reached skill level 1 in Dodging
   227 | D        | Reached XP level 5. HP: 51/56 MP: 4/4
   227 | D        | Reached XP level 6. HP: 56/62 MP: 5/5
   241 | D        | Found a deep blue altar of Sif Muna.
   243 | D        | Found a radiant altar of Vehumet.
   265 | D        | Found Kamaguy's Weapon Emporium.
   265 | D        | Found an ancient bone altar of Kikubaaqudgha.
   265 | D        | Found a hazy altar of Hepliaklqana.
   265 | D        | Found a hide-covered altar of Uskayaw.
   265 | D        | Found a basalt altar of Yredelemnul.
   265 | D        | Found an opulent altar of Gozag.
   265 | D        | Found a snail-covered altar of Cheibriados.
   265 | D        | Found a sacrificial altar of Ru.
   265 | D        | Found a shadowy altar of Dithmenos.
   265 | D        | Noticed a yak
   269 | D        | Killed a yak
   270 | D        | Found a stormy altar of Qazlal.
   270 | D        | Found a blossoming altar of Fedhas.
   270 | D        | Found a bloodstained altar of Trog.
   270 | D        | Found an iron altar of Okawaru.
   270 | D        | Found a glowing golden altar of the Shining One.
   270 | D        | Found a glowing silver altar of Zin.
   270 | D        | Found a white marble altar of Elyvilon.
   273 | D        | Found a sparkling altar of Nemelex Xobeh.
   276 | D        | Became a worshipper of Uskayaw the Reveler
   286 | D        | Noticed Sonja
   310 | D        | Succumbed to Sonja's poison

Skill      XL: |  1  2  3  4  5  6 |
---------------+-------------------+-----
Fighting       | 5 6 8 9 |  9.5
Axes           | 3 4 6 7 |  7.5
Armour         | 5 6 8 9 |  9.7
Shields        | 5 7 8 9 |  9.7
Dodging        | 1 2 |  2.1

Action                   |  1- 3 |  4- 6 || total
-------------------------+-------+-------++-------
Melee: War axe           |    10 |    28 ||    38
       Headbutt          |     3 |     1 ||     4
  Use: Potion            |       |     3 ||     3
Armor: Scale mail        |     4 |    18 ||    22
Dodge: Dodged            |     4 |    17 ||    21
Block: Shield            |     7 |    23 ||    30
